Little Stars vs Knights
Created - 12 décembre 2012 at 22:33
Goals
|
| Little Stars |
4 |
2 |
0 |
6 |
| Knights |
0 |
2 |
0 |
2 |
|
Shots
|
| Little Stars |
14 |
5 |
10 |
29 |
| Knights |
12 |
11 |
13 |
36 |
|
1st period
1. Little Stars , Patrick O'Sullivan 6 (Steve MacIntyre) at 1:58
2. Little Stars , Krys Kolanos 5 (Steve Regier) at 12:02 (PP)
3. Little Stars , Hugh Jessiman 4 (Krys Kolanos) at 12:51
4. Little Stars , Krys Kolanos 6 (Steve Regier, Ivan Majesky) at 16:47
Penalties :
Benn Ferriero (Lon) for Holding (Minor) at 11:44, Troy Brouwer (Lon) for Hooking (Minor) at 17:23
2nd period
5. Little Stars , Krys Kolanos 7 (Boris Valabik) at 13:26
6. Knights , Zbynek Michalek 1 (Kyle Greentree, Karlis Skrastins) at 14:12
7. Knights , Vladimir Orszagh 5 (Garnet Exelby) at 15:22
8. Little Stars , Steve Regier 7 (Hugh Jessiman, Tim Ramholt) at 15:34
Penalties :
Boris Valabik (Tex) for High sticking (Minor) at 3:38, Jesse Joensuu (Lon) for Cross-checking (Minor) at 8:05, Jakub Voracek (Lon) for Fighting (Major) at 14:31, Krys Kolanos (Tex) for Fighting (Major) at 14:31, Jack Skille (Lon) for Fighting (Major) at 14:49, Oskar Osala (Tex) for Fighting (Major) at 14:49, Ryan O'Marra (Lon) for Hooking (Minor) at 16:44
3rd period
No Goal
Penalties :
Troy Brouwer (Lon) for Hooking (Minor) at 3:21, Hugh Jessiman (Tex) for Cross-checking (Minor) at 10:41, Troy Brouwer (Lon) for Fighting (Major) at 13:10, Tim Ramholt (Tex) for Fighting (Major) at 13:10, Jakub Voracek (Lon) for Hooking (Minor) at 14:04
Goalie Stats
Philippe Sauvé (Tex), 34 saves from 36 shots - (0,944), W, 5-2-0, 60:00 minutes
Dany Sabourin (Lon), 15 saves from 17 shots - (0,882), 43:13 minutes
Michael Leighton (Lon), 8 saves from 12 shots - (0,667), L, 7-5-0, 16:47 minutes
Players Stats for Little Stars
Player Name G A P +/- PIM S H SB GA TA FO MP PP MP PK MP
------------------------------------------------------------------------------------
Boris Valabik 0 1 1 -1 2 2 0 1 1 1 0/0 22:09 4:13 0:56
Clay Wilson 0 0 0 -1 0 0 0 2 0 2 0/0 22:14 3:53 1:56
Cody Bass 0 0 0 0 0 0 3 1 0 0 1/2 9:45 0:40 0:37
Greg Stewart 0 0 0 -1 0 1 0 1 0 0 0/0 11:25 0:28 1:27
Hugh Jessiman 1 1 2 4 2 1 2 0 0 0 2/3 20:32 5:28 0:00
Ivan Majesky 0 1 1 2 0 1 2 3 1 0 0/0 26:58 6:11 2:10
Krys Kolanos 3 1 4 3 5 5 2 0 0 0 18/26 17:49 4:19 0:20
Matt D'Agostini 0 0 0 0 0 0 0 2 0 0 0/0 16:39 4:10 0:00
Matt Halischuk 0 0 0 0 0 2 3 0 0 0 4/4 12:19 1:35 0:00
Matt Pelech 0 0 0 2 0 0 1 0 0 0 0/0 12:21 0:00 0:52
Oskar Osala 0 0 0 0 5 2 3 0 0 0 2/3 9:32 0:55 0:30
Patrick O'Sullivan 1 0 1 0 0 1 2 0 0 0 6/15 16:29 3:50 0:00
Steve MacIntyre 0 1 1 0 0 6 0 2 2 0 0/0 19:04 3:44 2:01
Steve Regier 1 2 3 4 0 4 1 0 3 0 3/4 22:39 5:10 2:01
Tim Ramholt 0 1 1 2 5 2 2 0 0 1 0/0 24:56 5:08 2:02
Troy Bodie 0 0 0 0 0 0 0 0 0 0 0/0 8:47 0:20 0:00
Tyler Eckford 0 0 0 2 0 1 0 0 0 0 0/0 11:47 1:01 0:00
Yanick Lehoux 0 0 0 -1 0 1 2 0 0 0 2/4 10:32 0:00 1:00
Players Stats for Knights
Player Name G A P +/- PIM S H SB GA TA FO MP PP MP PK MP
------------------------------------------------------------------------------------
Benn Ferriero 0 0 0 -3 2 0 3 0 0 0 5/21 18:14 2:02 1:58
Danny Irmen 0 0 0 0 0 0 3 0 0 0 2/3 10:17 0:02 0:13
Garnet Exelby 0 1 1 -1 0 1 1 0 1 1 0/0 21:46 1:38 3:57
Jack Skille 0 0 0 -2 5 4 1 0 0 1 0/1 15:15 2:02 0:00
Jakub Voracek 0 0 0 0 7 1 1 0 1 0 0/0 15:19 1:54 0:00
Jarret Stoll 0 0 0 0 0 7 3 0 0 0 8/18 19:13 1:54 2:59
Jesse Joensuu 0 0 0 0 2 1 2 1 0 0 0/0 9:48 0:00 0:00
Jonathan Tremblay 0 0 0 -1 0 2 2 1 0 0 0/1 11:27 0:02 2:59
Karlis Skrastins 0 1 1 -1 0 4 1 2 0 3 0/0 26:33 2:20 5:52
Kyle Greentree 0 1 1 -3 0 5 2 2 0 0 0/2 21:05 2:02 5:20
Lauri Korpikoski 0 0 0 0 0 0 1 0 0 0 0/1 10:13 0:02 1:30
Nicklas Grossman 0 0 0 -1 0 2 1 1 0 0 0/0 12:58 0:00 0:24
Ryan O'Marra 0 0 0 0 2 0 0 0 0 0 1/2 8:01 0:00 0:00
Ryan Suter 0 0 0 -1 0 2 1 1 0 1 0/0 24:07 1:38 6:18
Scott Lehman 0 0 0 -1 0 0 2 1 0 0 0/0 12:34 0:00 0:00
Troy Brouwer 0 0 0 0 9 2 3 1 1 0 3/3 15:06 1:54 0:00
Vladimir Orszagh 1 0 1 0 0 2 3 0 0 0 4/9 15:40 0:00 5:27
Zbynek Michalek 1 0 1 -1 0 3 1 3 1 1 0/0 22:02 2:20 3:55
3 Stars
1 - Krys Kolanos (Tex)
2 - Steve Regier (Tex)
3 - Hugh Jessiman (Tex)
Power Play
Little Stars - 1 on 6 Attempt(s) - 16,67%
Knights - 0 on 2 Attempt(s) - 0,00%
Penalty Kill
Little Stars - 2 on 2 Attempt(s) - 100,00%
- Score 0 goal in Penalty Kill
Knights - 5 on 6 Attempt(s) - 83,33%
- Score 0 goal in Penalty Kill
Official
Referees : O'Halloran Dan and Martell Rob
Linesman : Lyle Seitz and Lonnie Cameron
Game Notes
Dany Sabourin enters game at 16:47 of 1st period
Krys Kolanos has scored a Hat Trick!
Jakub Voracek beats up Krys Kolanos at 14:31 of 2nd period
Jack Skille beats up Oskar Osala at 14:49 of 2nd period
Tim Ramholt beats up Troy Brouwer at 13:10 of 3rd period
Little Stars
5 vs 5 Forward
Center Left Wing Right Wing Time % Phy DF OF
1 Krys Kolanos Steve Regier Hugh Jessiman 40 1 2 2
2 Patrick O'Sullivan Steve MacIntyre Matt D'Agostini 30 1 2 2
3 Yanick Lehoux Greg Stewart Matt Halischuk 20 1 2 2
4 Cody Bass Oskar Osala Troy Bodie 10 1 2 2
5 vs 5 Defense
Defense Defense Time % Phy DF OF
1 Ivan Majesky Tim Ramholt 40 1 2 2
2 Boris Valabik Clay Wilson 30 1 2 2
3 Tyler Eckford Matt Pelech 20 1 2 2
4 Ivan Majesky Tim Ramholt 10 1 2 2
PowerPlay Forward
Center Left Wing Right Wing Time % Phy DF OF
1 Krys Kolanos Steve Regier Hugh Jessiman 60 1 2 2
2 Patrick O'Sullivan Steve MacIntyre Matt D'Agostini 40 1 2 2
PowerPlay Defense
Defense Defense Time % Phy DF OF
1 Ivan Majesky Tim Ramholt 60 1 2 2
2 Boris Valabik Clay Wilson 40 1 2 2
Penalty Kill 4 Players Forward
Center Wing Time % Phy DF OF
1 Steve Regier Steve MacIntyre 60 1 2 2
2 Greg Stewart Krys Kolanos 40 1 2 2
Penalty Kill 4 Players Defense
Defense Defense Time % Phy DF OF
1 Ivan Majesky Tim Ramholt 60 1 2 2
2 Boris Valabik Clay Wilson 40 1 2 2
Penalty Kill - 3 Players Forward
Forward Time % Phy DF OF
1 Steve Regier 60 1 2 2
2 Steve MacIntyre 40 1 2 2
Penalty Kill - 3 Players Defense
Defense Defense Time % Phy DF OF
1 Ivan Majesky Tim Ramholt 60 1 2 2
2 Boris Valabik Clay Wilson 40 1 2 2
4 vs 4 Forward
Center Wing Time % Phy DF OF
1 Steve Regier Steve MacIntyre 60 1 2 2
2 Greg Stewart Krys Kolanos 40 1 2 2
4 vs 4 Defense
Defense Defense Time % Phy DF OF
1 Ivan Majesky Tim Ramholt 60 1 2 2
2 Boris Valabik Clay Wilson 40 1 2 2
Last Minutes Offensive
Center Left Wing Right Wing Defense Defense
Krys Kolanos Steve Regier Hugh Jessiman Ivan Majesky Tim Ramholt
Last Minutes Defensive
Center Left Wing Right Wing Defense Defense
Krys Kolanos Steve Regier Hugh Jessiman Ivan Majesky Tim Ramholt
Goaltenders
Starting : Philippe Sauvé
Backup : Ben Scrivens
Extra Forwards
Normal : Oskar Osala, Matt Halischuk, Yanick Lehoux - PP : Oskar Osala, Matt Halischuk - PK : Yanick Lehoux
Extra Defensemen
Normal : Tyler Eckford, Matt Pelech, Boris Valabik - PP : Tyler Eckford - PK : Matt Pelech, Boris Valabik
Penalty Shots
Steve Regier, Steve MacIntyre, Greg Stewart, Krys Kolanos, Patrick O'Sullivan
Knights
5 vs 5 Forward
Center Left Wing Right Wing Time % Phy DF OF
1 Jarret Stoll Troy Brouwer Jakub Voracek 36 1 2 2
2 Benn Ferriero Kyle Greentree Jack Skille 34 1 2 2
3 Danny Irmen Jesse Joensuu Vladimir Orszagh 20 1 2 2
4 Ryan O'Marra Lauri Korpikoski Jonathan Tremblay 10 1 2 2
5 vs 5 Defense
Defense Defense Time % Phy DF OF
1 Karlis Skrastins Zbynek Michalek 36 1 3 1
2 Ryan Suter Garnet Exelby 34 1 3 1
3 Scott Lehman Nicklas Grossman 20 1 3 1
4 Karlis Skrastins Garnet Exelby 10 1 3 1
PowerPlay Forward
Center Left Wing Right Wing Time % Phy DF OF
1 Jarret Stoll Troy Brouwer Jakub Voracek 60 0 0 5
2 Benn Ferriero Kyle Greentree Jack Skille 40 0 0 5
PowerPlay Defense
Defense Defense Time % Phy DF OF
1 Karlis Skrastins Zbynek Michalek 60 0 1 4
2 Ryan Suter Garnet Exelby 40 0 1 4
Penalty Kill 4 Players Forward
Center Wing Time % Phy DF OF
1 Vladimir Orszagh Kyle Greentree 60 0 4 1
2 Jarret Stoll Jonathan Tremblay 40 0 4 1
Penalty Kill 4 Players Defense
Defense Defense Time % Phy DF OF
1 Ryan Suter Karlis Skrastins 60 1 4 0
2 Zbynek Michalek Garnet Exelby 40 1 4 0
Penalty Kill - 3 Players Forward
Forward Time % Phy DF OF
1 Vladimir Orszagh 60 0 5 0
2 Kyle Greentree 40 0 5 0
Penalty Kill - 3 Players Defense
Defense Defense Time % Phy DF OF
1 Ryan Suter Karlis Skrastins 60 0 5 0
2 Zbynek Michalek Garnet Exelby 40 0 5 0
4 vs 4 Forward
Center Wing Time % Phy DF OF
1 Jarret Stoll Jakub Voracek 50 1 2 2
2 Benn Ferriero Jack Skille 50 1 2 2
4 vs 4 Defense
Defense Defense Time % Phy DF OF
1 Zbynek Michalek Karlis Skrastins 60 1 2 2
2 Ryan Suter Garnet Exelby 40 1 2 2
Last Minutes Offensive
Center Left Wing Right Wing Defense Defense
Jarret Stoll Troy Brouwer Jack Skille Ryan Suter Zbynek Michalek
Last Minutes Defensive
Center Left Wing Right Wing Defense Defense
Jarret Stoll Kyle Greentree Vladimir Orszagh Karlis Skrastins Zbynek Michalek
Goaltenders
Starting : Michael Leighton
Backup : Dany Sabourin
Extra Forwards
Normal : Jack Skille, Jakub Voracek, Benn Ferriero - PP : Jack Skille, Troy Brouwer - PK : Benn Ferriero
Extra Defensemen
Normal : Karlis Skrastins, Zbynek Michalek, Garnet Exelby - PP : Zbynek Michalek - PK : Garnet Exelby, Karlis Skrastins
Penalty Shots
Jack Skille, Kyle Greentree, Vladimir Orszagh, Jarret Stoll, Zbynek Michalek
% Time on Ice - Little Stars
Lines # - Real PCT - Wanted PCT - Time Play
Normal Forward
1 - 34% - 40% - 15:39
2 - 28% - 30% - 12:54
3 - 20% - 20% - 9:04
4 - 18% - 10% - 8:12
Normal Defense
1 - 41% - 40% - 18:52
2 - 33% - 30% - 15:20
3 - 21% - 20% - 9:34
4 - 4% - 10% - 2:03
PP Forward
1 - 60% - 60% - 6:07
2 - 40% - 40% - 4:06
PP Defense
1 - 64% - 60% - 6:32
2 - 36% - 40% - 3:41
PK Forward
1 - 92% - 60% - 3:38
2 - 8% - 40% - 0:20
PK Defense
1 - 45% - 60% - 1:48
2 - 55% - 40% - 2:10
PK3 Forward
1 - 0% - 60%
2 - 0% - 40%
PK3 Defense
1 - 0% - 60%
2 - 0% - 40%
44 Forward
1 - 0% - 60%
2 - 0% - 40%
44 Defense
1 - 0% - 60%
2 - 0% - 40%
Last Minute Offensive - 0:00
Last Minute Defensive - 0:00
Total
Forward - 60:00
Defense - 60:00
|
% Time on Ice - Knights
Lines # - Real PCT - Wanted PCT - Time Play
Normal Forward
1 - 33% - 36% - 15:05
2 - 29% - 34% - 13:26
3 - 21% - 20% - 9:49
4 - 16% - 10% - 7:29
Normal Defense
1 - 37% - 36% - 17:05
2 - 32% - 34% - 14:53
3 - 27% - 20% - 12:34
4 - 3% - 10% - 1:17
PP Forward
1 - 49% - 60% - 1:56
2 - 51% - 40% - 2:02
PP Defense
1 - 59% - 60% - 2:20
2 - 41% - 40% - 1:38
PK Forward
1 - 71% - 60% - 7:14
2 - 29% - 40% - 2:59
PK Defense
1 - 62% - 60% - 6:18
2 - 38% - 40% - 3:55
PK3 Forward
1 - 0% - 60%
2 - 0% - 40%
PK3 Defense
1 - 0% - 60%
2 - 0% - 40%
44 Forward
1 - 0% - 50%
2 - 0% - 50%
44 Defense
1 - 0% - 60%
2 - 0% - 40%
Last Minute Offensive - 0:00
Last Minute Defensive - 0:00
Total
Forward - 60:00
Defense - 60:00
|
Play by Play
1st period
0:01 of 1st period - Krys Kolanos wins face-off versus Jarret Stoll in neutral zone.
0:04 of 1st period - Jarret Stoll is hit by Krys Kolanos and loses puck.
0:25 of 1st period - Zbynek Michalek is hit by Patrick O'Sullivan and loses puck.
1:09 of 1st period - Snap shot by Oskar Osala.
1:09 of 1st period - Stopped by Michael Leighton with a rebound.
1:11 of 1st period - Slapshot by Boris Valabik.
1:11 of 1st period - Shot Misses the Net.
1:13 of 1st period - Slapshot by Boris Valabik.
1:13 of 1st period - Stopped by Michael Leighton with a rebound.
1:17 of 1st period - Wrist shot by Oskar Osala.
1:17 of 1st period - Shot Misses the Net.
1:58 of 1st period - Snap shot by Patrick O'Sullivan.
1:58 of 1st period - Goal by Patrick O'Sullivan - Little Stars : 1 - Knights : 0.
1:59 of 1st period - Krys Kolanos wins face-off versus Jarret Stoll in neutral zone.
2:10 of 1st period - Snap shot by Jarret Stoll.
2:10 of 1st period - Shot Blocked by Ivan Majesky.
3:40 of 1st period - Wrist shot by Krys Kolanos.
3:40 of 1st period - Stopped by Michael Leighton with a rebound.
4:00 of 1st period - Snap shot by Kyle Greentree.
4:00 of 1st period - Stopped by Philippe Sauvé with a rebound.
4:33 of 1st period - Slapshot by Karlis Skrastins.
4:33 of 1st period - Stopped by Philippe Sauvé with a rebound.
4:35 of 1st period - Slapshot by Karlis Skrastins.
4:35 of 1st period - Deflect By Jarret Stoll.
4:35 of 1st period - Stopped by Philippe Sauvé with a rebound.
4:37 of 1st period - Slapshot by Karlis Skrastins.
4:37 of 1st period - Stopped by Philippe Sauvé with a rebound.
4:39 of 1st period - Snap shot by Karlis Skrastins.
4:39 of 1st period - Deflect By Jarret Stoll.
4:39 of 1st period - Stopped by Philippe Sauvé with a rebound.
4:54 of 1st period - Scott Lehman is hit by Cody Bass.
5:02 of 1st period - Scott Lehman is hit by Cody Bass and loses puck.
5:16 of 1st period - Scott Lehman is hit by Oskar Osala.
5:38 of 1st period - Clay Wilson is hit by Vladimir Orszagh and loses puck.
5:50 of 1st period - Jesse Joensuu is hit by Oskar Osala and loses puck.
6:14 of 1st period - Off-side.
6:15 of 1st period - Jarret Stoll wins face-off versus Krys Kolanos in neutral zone.
6:18 of 1st period - Wrist shot by Troy Brouwer.
6:18 of 1st period - Stopped by Philippe Sauvé with a rebound.
6:42 of 1st period - Ryan Suter is hit by Matt Halischuk and loses puck.
6:53 of 1st period - Wrist shot by Greg Stewart.
6:53 of 1st period - Stopped by Michael Leighton with a rebound.
6:55 of 1st period - Slapshot by Matt Halischuk.
6:55 of 1st period - Stopped by Michael Leighton with a rebound.
7:44 of 1st period - Tyler Eckford is hit by Danny Irmen and loses puck.
8:09 of 1st period - Snap shot by Jarret Stoll.
8:09 of 1st period - Shot Blocked by Greg Stewart.
9:21 of 1st period - Danny Irmen is hit by Yanick Lehoux and loses puck.
9:37 of 1st period - Ivan Majesky is hit by Jesse Joensuu and loses puck.
10:10 of 1st period - Clay Wilson is hit by Zbynek Michalek and loses puck.
10:15 of 1st period - Snap shot by Jack Skille.
10:15 of 1st period - Stopped by Philippe Sauvé without a rebound.
10:16 of 1st period - Benn Ferriero wins face-off versus Yanick Lehoux in Little Stars zone.
10:21 of 1st period - Slapshot by Kyle Greentree.
10:21 of 1st period - Deflect By Jack Skille.
10:21 of 1st period - Stopped by Philippe Sauvé without a rebound.
10:22 of 1st period - Yanick Lehoux wins face-off versus Benn Ferriero in Little Stars zone.
11:15 of 1st period - Snap shot by Steve MacIntyre.
11:15 of 1st period - Stopped by Michael Leighton with a rebound.
11:44 of 1st period - Minor Penalty to Benn Ferriero for Holding.
11:45 of 1st period - Vladimir Orszagh wins face-off versus Krys Kolanos in Knights zone.
11:45 of 1st period - Vladimir Orszagh is hit by Tim Ramholt.
11:56 of 1st period - Off-side.
11:57 of 1st period - Krys Kolanos wins face-off versus Kyle Greentree in neutral zone.
12:02 of 1st period - Snap shot by Krys Kolanos.
12:02 of 1st period - Goal by Krys Kolanos - Little Stars : 2 - Knights : 0.
12:03 of 1st period - Jarret Stoll wins face-off versus Krys Kolanos in neutral zone.
12:38 of 1st period - Snap shot by Steve MacIntyre.
12:38 of 1st period - Deflect By Patrick O'Sullivan.
12:38 of 1st period - Shot Misses the Net.
12:38 of 1st period - Puck is out of play.
12:39 of 1st period - Krys Kolanos wins face-off versus Benn Ferriero in Knights zone.
12:43 of 1st period - Off-side.
12:44 of 1st period - Krys Kolanos wins face-off versus Benn Ferriero in neutral zone.
12:51 of 1st period - Snap shot by Hugh Jessiman.
12:51 of 1st period - Goal by Hugh Jessiman - Little Stars : 3 - Knights : 0.
12:52 of 1st period - Krys Kolanos wins face-off versus Jarret Stoll in neutral zone.
13:17 of 1st period - Ivan Majesky is hit by Kyle Greentree and loses puck.
13:28 of 1st period - Snap shot by Kyle Greentree.
13:28 of 1st period - Shot Blocked by Ivan Majesky.
13:30 of 1st period - Slapshot by Zbynek Michalek.
13:30 of 1st period - Shot Misses the Net.
14:32 of 1st period - Backhand shot by Clay Wilson.
14:32 of 1st period - Shot Blocked by Troy Brouwer.
14:44 of 1st period - Slapshot by Troy Brouwer.
14:44 of 1st period - Shot Misses the Net.
15:27 of 1st period - Snap shot by Matt Halischuk.
15:27 of 1st period - Shot Misses the Net.
15:37 of 1st period - Snap shot by Vladimir Orszagh.
15:37 of 1st period - Shot Misses the Net.
15:46 of 1st period - Off-side.
15:47 of 1st period - Benn Ferriero wins face-off versus Patrick O'Sullivan in neutral zone.
15:49 of 1st period - Off-side.
15:50 of 1st period - Patrick O'Sullivan wins face-off versus Benn Ferriero in neutral zone.
15:57 of 1st period - Wrist shot by Steve MacIntyre.
15:57 of 1st period - Stopped by Michael Leighton with a rebound.
15:59 of 1st period - Slapshot by Ivan Majesky.
15:59 of 1st period - Stopped by Michael Leighton without a rebound.
16:00 of 1st period - Jarret Stoll wins face-off versus Steve Regier in Knights zone.
16:00 of 1st period - Jarret Stoll is hit by Krys Kolanos.
16:06 of 1st period - Krys Kolanos is hit by Troy Brouwer and loses puck.
16:47 of 1st period - Snap shot by Krys Kolanos.
16:47 of 1st period - Goal by Krys Kolanos - Little Stars : 4 - Knights : 0.
16:47 of 1st period - Dany Sabourin enters game.
16:48 of 1st period - Troy Brouwer wins face-off versus Patrick O'Sullivan in neutral zone.
16:53 of 1st period - Snap shot by Troy Brouwer.
16:53 of 1st period - Shot Misses the Net.
16:55 of 1st period - Wrist shot by Troy Brouwer.
16:55 of 1st period - Deflect By Patrick O'Sullivan.
16:55 of 1st period - Stopped by Philippe Sauvé without a rebound.
16:56 of 1st period - Troy Brouwer wins face-off versus Patrick O'Sullivan in Little Stars zone.
16:57 of 1st period - Wrist shot by Jarret Stoll.
16:57 of 1st period - Deflect By Troy Brouwer.
16:57 of 1st period - Shot Misses the Net.
16:57 of 1st period - Puck is out of play.
16:58 of 1st period - Jarret Stoll wins face-off versus Patrick O'Sullivan in Little Stars zone.
16:59 of 1st period - Snap shot by Troy Brouwer.
16:59 of 1st period - Deflect By Jarret Stoll.
16:59 of 1st period - Stopped by Philippe Sauvé with a rebound.
17:23 of 1st period - Minor Penalty to Troy Brouwer for Hooking.
17:24 of 1st period - Hugh Jessiman wins face-off versus Vladimir Orszagh in Knights zone.
17:25 of 1st period - Wrist shot by Krys Kolanos.
17:25 of 1st period - Stopped by Dany Sabourin without a rebound.
17:26 of 1st period - Krys Kolanos wins face-off versus Vladimir Orszagh in Knights zone.
17:39 of 1st period - Slapshot by Kyle Greentree.
17:39 of 1st period - Stopped by Philippe Sauvé with a rebound.
18:12 of 1st period - Backhand shot by Jarret Stoll.
18:12 of 1st period - Stopped by Philippe Sauvé with a rebound.
18:40 of 1st period - Ivan Majesky is hit by Lauri Korpikoski and loses puck.
19:17 of 1st period - Hugh Jessiman is hit by Karlis Skrastins and loses puck.
19:23 of 1st period - Penalty to Troy Brouwer is over, Troy Brouwer is back on ice.
19:32 of 1st period - Ryan Suter is hit by Yanick Lehoux and loses puck.
19:39 of 1st period - Wrist shot by Yanick Lehoux.
19:39 of 1st period - Stopped by Dany Sabourin without a rebound.
19:40 of 1st period - Cody Bass wins face-off versus Ryan O'Marra in Knights zone.
2nd period
0:01 of 2nd period - Benn Ferriero wins face-off versus Krys Kolanos in neutral zone.
0:12 of 2nd period - Wrist shot by Steve Regier.
0:12 of 2nd period - Shot Misses the Net.
0:14 of 2nd period - Slapshot by Tim Ramholt.
0:14 of 2nd period - Stopped by Dany Sabourin with a rebound.
0:16 of 2nd period - Slapshot by Hugh Jessiman.
0:16 of 2nd period - Shot Misses the Net.
0:31 of 2nd period - Boris Valabik is hit by Garnet Exelby and loses puck.
1:14 of 2nd period - Krys Kolanos is hit by Jarret Stoll.
1:18 of 2nd period - Wrist shot by Troy Brouwer.
1:18 of 2nd period - Shot Blocked by Boris Valabik.
1:20 of 2nd period - Slapshot by Nicklas Grossman.
1:20 of 2nd period - Stopped by Philippe Sauvé without a rebound.
1:21 of 2nd period - Krys Kolanos wins face-off versus Benn Ferriero in Little Stars zone.
1:26 of 2nd period - Slapshot by Ivan Majesky.
1:26 of 2nd period - Deflect By Steve Regier.
1:26 of 2nd period - Shot Blocked by Scott Lehman.
1:26 of 2nd period - Puck is out of play.
1:27 of 2nd period - Krys Kolanos wins face-off versus Benn Ferriero in Knights zone.
1:36 of 2nd period - Wrist shot by Steve Regier.
1:36 of 2nd period - Shot Misses the Net.
1:52 of 2nd period - Slapshot by Vladimir Orszagh.
1:52 of 2nd period - Shot Blocked by Matt D'Agostini.
1:54 of 2nd period - Slapshot by Vladimir Orszagh.
1:54 of 2nd period - Stopped by Philippe Sauvé with a rebound.
1:56 of 2nd period - Slapshot by Zbynek Michalek.
1:56 of 2nd period - Deflect By Vladimir Orszagh.
1:56 of 2nd period - Shot Blocked by Steve MacIntyre.
1:56 of 2nd period - Puck is out of play.
1:57 of 2nd period - Benn Ferriero wins face-off versus Patrick O'Sullivan in Little Stars zone.
1:58 of 2nd period - Wrist shot by Kyle Greentree.
1:58 of 2nd period - Stopped by Philippe Sauvé with a rebound.
2:02 of 2nd period - Snap shot by Kyle Greentree.
2:02 of 2nd period - Shot Misses the Net.
2:04 of 2nd period - Slapshot by Karlis Skrastins.
2:04 of 2nd period - Shot Misses the Net.
2:06 of 2nd period - Slapshot by Zbynek Michalek.
2:06 of 2nd period - Shot Blocked by Steve MacIntyre.
2:08 of 2nd period - Snap shot by Kyle Greentree.
2:08 of 2nd period - Stopped by Philippe Sauvé without a rebound.
2:09 of 2nd period - Krys Kolanos wins face-off versus Benn Ferriero in Little Stars zone.
2:09 of 2nd period - Krys Kolanos is hit by Benn Ferriero.
2:55 of 2nd period - Slapshot by Garnet Exelby.
2:55 of 2nd period - Deflect By Jonathan Tremblay.
2:55 of 2nd period - Stopped by Philippe Sauvé with a rebound.
3:20 of 2nd period - Slapshot by Karlis Skrastins.
3:20 of 2nd period - Deflect By Vladimir Orszagh.
3:20 of 2nd period - Shot Misses the Net.
3:20 of 2nd period - Puck is out of play.
3:21 of 2nd period - Krys Kolanos wins face-off versus Benn Ferriero in Little Stars zone.
3:21 of 2nd period - Krys Kolanos is hit by Kyle Greentree.
3:37 of 2nd period - Snap shot by Jack Skille.
3:37 of 2nd period - Shot Misses the Net.
3:38 of 2nd period - Minor Penalty to Boris Valabik for High sticking.
3:39 of 2nd period - Steve Regier wins face-off versus Jarret Stoll in Little Stars zone.
3:52 of 2nd period - Snap shot by Troy Brouwer.
3:52 of 2nd period - Shot Misses the Net.
3:54 of 2nd period - Slapshot by Karlis Skrastins.
3:54 of 2nd period - Stopped by Philippe Sauvé with a rebound.
4:30 of 2nd period - Greg Stewart is hit by Troy Brouwer and loses puck.
5:17 of 2nd period - Kyle Greentree is hit by Matt Pelech and loses puck.
5:38 of 2nd period - Penalty to Boris Valabik is over, Boris Valabik is back on ice.
5:49 of 2nd period - Snap shot by Steve MacIntyre.
5:49 of 2nd period - Deflect By Vladimir Orszagh.
5:49 of 2nd period - Stopped by Dany Sabourin with a rebound.
5:51 of 2nd period - Snap shot by Steve Regier.
5:51 of 2nd period - Shot Hit the Post.
5:53 of 2nd period - Snap shot by Boris Valabik.
5:53 of 2nd period - Shot Misses the Net.
6:04 of 2nd period - Off-side.
6:05 of 2nd period - Ryan O'Marra wins face-off versus Yanick Lehoux in neutral zone.
6:23 of 2nd period - Karlis Skrastins is hit by Ivan Majesky and loses puck.
6:34 of 2nd period - Backhand shot by Jakub Voracek.
6:34 of 2nd period - Shot Misses the Net.
6:36 of 2nd period - Snap shot by Jarret Stoll.
6:36 of 2nd period - Shot Misses the Net.
6:38 of 2nd period - Wrist shot by Jarret Stoll.
6:38 of 2nd period - Shot Misses the Net.
6:40 of 2nd period - Snap shot by Troy Brouwer.
6:40 of 2nd period - Shot Misses the Net.
6:42 of 2nd period - Wrist shot by Jarret Stoll.
6:42 of 2nd period - Stopped by Philippe Sauvé with a rebound.
6:44 of 2nd period - Snap shot by Jarret Stoll.
6:44 of 2nd period - Shot Misses the Net.
7:05 of 2nd period - Icing by Steve Regier.
7:06 of 2nd period - Krys Kolanos wins face-off versus Jack Skille in Little Stars zone.
7:20 of 2nd period - Ryan Suter is hit by Steve Regier and loses puck.
8:04 of 2nd period - Snap shot by Greg Stewart.
8:04 of 2nd period - Shot Misses the Net.
8:05 of 2nd period - Minor Penalty to Jesse Joensuu for Cross-checking.
8:06 of 2nd period - Vladimir Orszagh wins face-off versus Patrick O'Sullivan in Knights zone.
8:15 of 2nd period - Wrist shot by Kyle Greentree.
8:15 of 2nd period - Shot Misses the Net.
10:05 of 2nd period - Penalty to Jesse Joensuu is over, Jesse Joensuu is back on ice.
10:17 of 2nd period - Tim Ramholt is hit by Nicklas Grossman and loses puck.
10:26 of 2nd period - Nicklas Grossman is hit by Matt Halischuk and loses puck.
11:17 of 2nd period - Snap shot by Ryan Suter.
11:17 of 2nd period - Shot Misses the Net.
11:34 of 2nd period - Patrick O'Sullivan is hit by Jarret Stoll and loses puck.
11:47 of 2nd period - Wrist shot by Ryan Suter.
11:47 of 2nd period - Stopped by Philippe Sauvé with a rebound.
12:22 of 2nd period - Greg Stewart is hit by Benn Ferriero and loses puck.
12:58 of 2nd period - Wrist shot by Oskar Osala.
12:58 of 2nd period - Shot Blocked by Nicklas Grossman.
13:00 of 2nd period - Snap shot by Oskar Osala.
13:00 of 2nd period - Deflect By Cody Bass.
13:00 of 2nd period - Shot Blocked by Jonathan Tremblay.
13:00 of 2nd period - Puck is out of play.
13:01 of 2nd period - Patrick O'Sullivan wins face-off versus Lauri Korpikoski in Knights zone.
13:26 of 2nd period - Snap shot by Krys Kolanos.
13:26 of 2nd period - Goal by Krys Kolanos - Little Stars : 5 - Knights : 0.
13:27 of 2nd period - Krys Kolanos wins face-off versus Benn Ferriero in neutral zone.
13:53 of 2nd period - Karlis Skrastins is hit by Ivan Majesky and loses puck.
14:10 of 2nd period - Snap shot by Kyle Greentree.
14:10 of 2nd period - Shot Misses the Net.
14:12 of 2nd period - Snap shot by Zbynek Michalek.
14:12 of 2nd period - Deflect By Yanick Lehoux.
14:12 of 2nd period - Goal by Zbynek Michalek - Little Stars : 5 - Knights : 1.
14:13 of 2nd period - Jarret Stoll wins face-off versus Krys Kolanos in neutral zone.
14:13 of 2nd period - Jakub Voracek is hit by Hugh Jessiman and loses puck.
14:24 of 2nd period - Snap shot by Tim Ramholt.
14:24 of 2nd period - Stopped by Dany Sabourin with a rebound.
14:31 of 2nd period - Jakub Voracek beats up Krys Kolanos.
14:31 of 2nd period - Penalty to Jakub Voracek for Fighting.
14:31 of 2nd period - Penalty to Krys Kolanos for Fighting.
14:32 of 2nd period - Benn Ferriero wins face-off versus Oskar Osala in neutral zone.
14:49 of 2nd period - Jack Skille beats up Oskar Osala.
14:49 of 2nd period - Penalty to Jack Skille for Fighting.
14:49 of 2nd period - Penalty to Oskar Osala for Fighting.
14:50 of 2nd period - Jarret Stoll wins face-off versus Hugh Jessiman in Knights zone.
15:15 of 2nd period - Steve MacIntyre is hit by Danny Irmen and loses puck.
15:20 of 2nd period - Snap shot by Vladimir Orszagh.
15:20 of 2nd period - Shot Misses the Net.
15:22 of 2nd period - Slapshot by Vladimir Orszagh.
15:22 of 2nd period - Goal by Vladimir Orszagh - Little Stars : 5 - Knights : 2.
15:23 of 2nd period - Matt Halischuk wins face-off versus Benn Ferriero in neutral zone.
15:32 of 2nd period - Wrist shot by Hugh Jessiman.
15:32 of 2nd period - Shot Misses the Net.
15:34 of 2nd period - Wrist shot by Steve Regier.
15:34 of 2nd period - Goal by Steve Regier - Little Stars : 6 - Knights : 2.
15:35 of 2nd period - Matt Halischuk wins face-off versus Jonathan Tremblay in neutral zone.
16:05 of 2nd period - Boris Valabik is hit by Danny Irmen and loses puck.
16:31 of 2nd period - Slapshot by Jarret Stoll.
16:31 of 2nd period - Shot Misses the Net.
16:33 of 2nd period - Snap shot by Garnet Exelby.
16:33 of 2nd period - Shot Blocked by Cody Bass.
16:44 of 2nd period - Minor Penalty to Ryan O'Marra for Hooking.
16:45 of 2nd period - Matt Halischuk wins face-off versus Vladimir Orszagh in Knights zone.
16:50 of 2nd period - Wrist shot by Hugh Jessiman.
16:50 of 2nd period - Deflect By Steve Regier.
16:50 of 2nd period - Shot Misses the Net.
16:50 of 2nd period - Puck is out of play.
16:51 of 2nd period - Matt Halischuk wins face-off versus Vladimir Orszagh in Knights zone.
17:06 of 2nd period - Wrist shot by Steve Regier.
17:06 of 2nd period - Shot Blocked by Ryan Suter.
18:44 of 2nd period - Penalty to Ryan O'Marra is over, Ryan O'Marra is back on ice.
19:22 of 2nd period - Slapshot by Jarret Stoll.
19:22 of 2nd period - Stopped by Philippe Sauvé with a rebound.
19:40 of 2nd period - Clay Wilson is hit by Scott Lehman and loses puck.
3rd period
0:01 of 3rd period - Krys Kolanos wins face-off versus Benn Ferriero in neutral zone.
0:04 of 3rd period - Snap shot by Tim Ramholt.
0:04 of 3rd period - Deflect By Krys Kolanos.
0:04 of 3rd period - Shot Misses the Net.
0:04 of 3rd period - Puck is out of play.
0:05 of 3rd period - Krys Kolanos wins face-off versus Benn Ferriero in Knights zone.
0:06 of 3rd period - Wrist shot by Steve Regier.
0:06 of 3rd period - Stopped by Dany Sabourin without a rebound.
0:07 of 3rd period - Hugh Jessiman wins face-off versus Benn Ferriero in Knights zone.
0:13 of 3rd period - Icing by Garnet Exelby.
0:14 of 3rd period - Krys Kolanos wins face-off versus Kyle Greentree in Knights zone.
0:29 of 3rd period - Snap shot by Kyle Greentree.
0:29 of 3rd period - Deflect By Jack Skille.
0:29 of 3rd period - Stopped by Philippe Sauvé with a rebound.
0:31 of 3rd period - Slapshot by Kyle Greentree.
0:31 of 3rd period - Stopped by Philippe Sauvé with a rebound.
0:43 of 3rd period - Snap shot by Kyle Greentree.
0:43 of 3rd period - Shot Misses the Net.
0:45 of 3rd period - Snap shot by Kyle Greentree.
0:45 of 3rd period - Shot Misses the Net.
1:39 of 3rd period - Snap shot by Steve Regier.
1:39 of 3rd period - Stopped by Dany Sabourin without a rebound.
1:40 of 3rd period - Patrick O'Sullivan wins face-off versus Jarret Stoll in Knights zone.
1:41 of 3rd period - Wrist shot by Steve MacIntyre.
1:41 of 3rd period - Shot Misses the Net.
1:53 of 3rd period - Slapshot by Jakub Voracek.
1:53 of 3rd period - Shot Misses the Net.
1:55 of 3rd period - Slapshot by Karlis Skrastins.
1:55 of 3rd period - Stopped by Philippe Sauvé with a rebound.
2:21 of 3rd period - Slapshot by Steve MacIntyre.
2:21 of 3rd period - Shot Misses the Net.
2:30 of 3rd period - Icing by Boris Valabik.
2:31 of 3rd period - Danny Irmen wins face-off versus Patrick O'Sullivan in Little Stars zone.
2:38 of 3rd period - Wrist shot by Jakub Voracek.
2:38 of 3rd period - Shot Blocked by Matt D'Agostini.
2:41 of 3rd period - Icing by Clay Wilson.
2:42 of 3rd period - Patrick O'Sullivan wins face-off versus Jarret Stoll in Little Stars zone.
2:49 of 3rd period - Snap shot by Steve MacIntyre.
2:49 of 3rd period - Stopped by Dany Sabourin with a rebound.
2:51 of 3rd period - Slapshot by Clay Wilson.
2:51 of 3rd period - Shot Blocked by Zbynek Michalek.
2:53 of 3rd period - Snap shot by Matt D'Agostini.
2:53 of 3rd period - Shot Misses the Net.
2:55 of 3rd period - Slapshot by Boris Valabik.
2:55 of 3rd period - Deflect By Steve MacIntyre.
2:55 of 3rd period - Stopped by Dany Sabourin with a rebound.
2:57 of 3rd period - Slapshot by Boris Valabik.
2:57 of 3rd period - Shot Hit the Post.
2:59 of 3rd period - Snap shot by Matt D'Agostini.
2:59 of 3rd period - Shot Blocked by Karlis Skrastins.
3:01 of 3rd period - Slapshot by Boris Valabik.
3:01 of 3rd period - Stopped by Dany Sabourin with a rebound.
3:09 of 3rd period - Wrist shot by Steve MacIntyre.
3:09 of 3rd period - Shot Misses the Net.
3:11 of 3rd period - Snap shot by Patrick O'Sullivan.
3:11 of 3rd period - Shot Blocked by Zbynek Michalek.
3:13 of 3rd period - Backhand shot by Boris Valabik.
3:13 of 3rd period - Shot Blocked by Karlis Skrastins.
3:15 of 3rd period - Slapshot by Clay Wilson.
3:15 of 3rd period - Shot Blocked by Zbynek Michalek.
3:21 of 3rd period - Slapshot by Zbynek Michalek.
3:21 of 3rd period - Stopped by Philippe Sauvé without a rebound.
3:21 of 3rd period - Minor Penalty to Troy Brouwer for Hooking.
3:22 of 3rd period - Vladimir Orszagh wins face-off versus Krys Kolanos in Knights zone.
4:22 of 3rd period - Vladimir Orszagh is hit by Oskar Osala and loses puck.
4:48 of 3rd period - Hugh Jessiman is hit by Jonathan Tremblay.
5:21 of 3rd period - Penalty to Troy Brouwer is over, Troy Brouwer is back on ice.
5:28 of 3rd period - Scott Lehman is hit by Cody Bass and loses puck.
5:49 of 3rd period - Cody Bass is hit by Scott Lehman and loses puck.
6:12 of 3rd period - Matt Pelech is hit by Jakub Voracek and loses puck.
6:23 of 3rd period - Tyler Eckford is hit by Benn Ferriero and loses puck.
6:48 of 3rd period - Boris Valabik is hit by Jesse Joensuu and loses puck.
7:39 of 3rd period - Boris Valabik is hit by Jonathan Tremblay.
8:02 of 3rd period - Icing by Krys Kolanos.
8:03 of 3rd period - Oskar Osala wins face-off versus Jarret Stoll in Little Stars zone.
8:25 of 3rd period - Slapshot by Zbynek Michalek.
8:25 of 3rd period - Stopped by Philippe Sauvé without a rebound.
8:26 of 3rd period - Patrick O'Sullivan wins face-off versus Danny Irmen in Little Stars zone.
8:26 of 3rd period - Patrick O'Sullivan is hit by Vladimir Orszagh.
8:41 of 3rd period - Snap shot by Steve MacIntyre.
8:41 of 3rd period - Shot Blocked by Jesse Joensuu.
9:04 of 3rd period - Slapshot by Ivan Majesky.
9:04 of 3rd period - Shot Misses the Net.
9:06 of 3rd period - Wrist shot by Matt D'Agostini.
9:06 of 3rd period - Shot Misses the Net.
9:18 of 3rd period - Snap shot by Steve MacIntyre.
9:18 of 3rd period - Stopped by Dany Sabourin without a rebound.
9:19 of 3rd period - Krys Kolanos wins face-off versus Benn Ferriero in Knights zone.
9:20 of 3rd period - Wrist shot by Steve Regier.
9:20 of 3rd period - Stopped by Dany Sabourin with a rebound.
10:30 of 3rd period - Slapshot by Troy Bodie.
10:30 of 3rd period - Shot Blocked by Kyle Greentree.
10:32 of 3rd period - Snap shot by Tyler Eckford.
10:32 of 3rd period - Stopped by Dany Sabourin without a rebound.
10:33 of 3rd period - Troy Brouwer wins face-off versus Krys Kolanos in Knights zone.
10:41 of 3rd period - Minor Penalty to Hugh Jessiman for Cross-checking.
10:42 of 3rd period - Steve Regier wins face-off versus Jarret Stoll in Little Stars zone.
10:51 of 3rd period - Ivan Majesky is hit by Troy Brouwer and loses puck.
11:16 of 3rd period - Snap shot by Jack Skille.
11:16 of 3rd period - Shot Misses the Net.
11:30 of 3rd period - Snap shot by Jakub Voracek.
11:30 of 3rd period - Shot Blocked by Clay Wilson.
12:41 of 3rd period - Penalty to Hugh Jessiman is over, Hugh Jessiman is back on ice.
12:42 of 3rd period - Steve MacIntyre is hit by Ryan Suter and loses puck.
12:47 of 3rd period - Snap shot by Jonathan Tremblay.
12:47 of 3rd period - Shot Blocked by Clay Wilson.
12:49 of 3rd period - Wrist shot by Lauri Korpikoski.
12:49 of 3rd period - Shot Misses the Net.
12:51 of 3rd period - Slapshot by Nicklas Grossman.
12:51 of 3rd period - Deflect By Steve Regier.
12:51 of 3rd period - Stopped by Philippe Sauvé with a rebound.
12:53 of 3rd period - Snap shot by Danny Irmen.
12:53 of 3rd period - Deflect By Jonathan Tremblay.
12:53 of 3rd period - Stopped by Philippe Sauvé without a rebound.
12:54 of 3rd period - Danny Irmen wins face-off versus Cody Bass in Little Stars zone.
13:05 of 3rd period - Snap shot by Jesse Joensuu.
13:05 of 3rd period - Stopped by Philippe Sauvé without a rebound.
13:06 of 3rd period - Yanick Lehoux wins face-off versus Jarret Stoll in Little Stars zone.
13:10 of 3rd period - Tim Ramholt beats up Troy Brouwer.
13:10 of 3rd period - Penalty to Troy Brouwer for Fighting.
13:10 of 3rd period - Penalty to Tim Ramholt for Fighting.
13:11 of 3rd period - Krys Kolanos wins face-off versus Benn Ferriero in Knights zone.
13:24 of 3rd period - Benn Ferriero is hit by Hugh Jessiman.
13:58 of 3rd period - Jakub Voracek is hit by Patrick O'Sullivan and loses puck.
14:04 of 3rd period - Minor Penalty to Jakub Voracek for Hooking.
14:05 of 3rd period - Vladimir Orszagh wins face-off versus Krys Kolanos in Knights zone.
15:03 of 3rd period - Hugh Jessiman is hit by Jarret Stoll and loses puck.
15:58 of 3rd period - Snap shot by Oskar Osala.
15:58 of 3rd period - Stopped by Dany Sabourin without a rebound.
15:59 of 3rd period - Oskar Osala wins face-off versus Vladimir Orszagh in Knights zone.
16:04 of 3rd period - Penalty to Jakub Voracek is over, Jakub Voracek is back on ice.
16:38 of 3rd period - Snap shot by Matt Halischuk.
16:38 of 3rd period - Stopped by Dany Sabourin with a rebound.
16:50 of 3rd period - Steve MacIntyre is hit by Vladimir Orszagh and loses puck.
17:39 of 3rd period - Garnet Exelby is hit by Matt Halischuk and loses puck.
17:58 of 3rd period - Slapshot by Garnet Exelby.
17:58 of 3rd period - Stopped by Philippe Sauvé with a rebound.
18:26 of 3rd period - Snap shot by Jesse Joensuu.
18:26 of 3rd period - Shot Misses the Net.
18:36 of 3rd period - Yanick Lehoux is hit by Jack Skille.
18:42 of 3rd period - Snap shot by Jack Skille.
18:42 of 3rd period - Stopped by Philippe Sauvé without a rebound.
18:43 of 3rd period - Jarret Stoll wins face-off versus Patrick O'Sullivan in Little Stars zone.
18:48 of 3rd period - Wrist shot by Jarret Stoll.
18:48 of 3rd period - Shot Blocked by Ivan Majesky.
18:50 of 3rd period - Wrist shot by Jakub Voracek.
18:50 of 3rd period - Shot Misses the Net.
19:26 of 3rd period - Kyle Greentree is hit by Tim Ramholt and loses puck.
19:31 of 3rd period - Snap shot by Krys Kolanos.
19:31 of 3rd period - Shot Blocked by Kyle Greentree.
19:33 of 3rd period - Wrist shot by Steve Regier.
19:33 of 3rd period - Deflect By Krys Kolanos.
19:33 of 3rd period - Shot Misses the Net.
19:33 of 3rd period - Puck is out of play.
19:34 of 3rd period - Patrick O'Sullivan wins face-off versus Jarret Stoll in Knights zone.
19:38 of 3rd period - Icing by Ryan Suter.
19:39 of 3rd period - Jarret Stoll wins face-off versus Patrick O'Sullivan in Knights zone.
19:45 of 3rd period - Snap shot by Jakub Voracek.
19:45 of 3rd period - Stopped by Philippe Sauvé with a rebound.
19:47 of 3rd period - Wrist shot by Jarret Stoll.
19:47 of 3rd period - Stopped by Philippe Sauvé with a rebound.
19:49 of 3rd period - Slapshot by Ryan Suter.
19:49 of 3rd period - Deflect By Matt D'Agostini.
19:49 of 3rd period - Stopped by Philippe Sauvé without a rebound.
19:50 of 3rd period - Steve Regier wins face-off versus Benn Ferriero in Little Stars zone.
Output by the SimonT Hockey Simulator (STHS) for François Prévost -- Original Page W3C XHTML 1.0 Valid